 Dungeon Crawl Stone Soup version 0.22-b1-26-g9dbaab1 (webtiles) character file.

223 Lew the Skirmisher (level 6, -1/50 (51) HPs)
             Began as a Ghoul Warper on Aug 7, 2018.
             Killed from afar by Ijyb (8 damage)
             ... with a wand of flame (22)
             ... on level 3 of the Dungeon.
             The game lasted 00:12:48 (3430 turns).

Lew the Skirmisher (Ghoul Warper)                   Turns: 3430, Time: 00:12:49

HP:   -1/50 (51)    AC:  3    Str: 17    XL:     6   Next: 0%
MP:   8/8           EV: 12    Int:  8    God:
Gold: 147           SH:  0    Dex:  8    Spells: 4/9 levels left

rFire    . . .     SeeInvis .     - Unarmed
rCold    + . .     Gourm    .   (no shield)
rNeg     + + +     Faith    .   b - +0 leather armour
rPois    ∞         Spirit   .   (no helmet)
rElec    .         Reflect  .   (no cloak)
rCorr    .         Harm     .   (no gloves)
MR       .....                  (no boots)
Stlth    ++........             (no amulet)
HPRegen  0.00/turn              (no ring)
MPRegen  0.11/turn              (no ring)

@: rotting
A: rotting body, claws 1, carnivore, cold resistance 1, negative energy
resistance 3, inhibited regeneration, torment resistance, unbreathing
a: no special abilities


You were on level 3 of the Dungeon.
You were not hungry.

You visited 1 branch of the dungeon, and saw 4 of its levels.

You collected 147 gold pieces.

Inventory:

Hand Weapons
 a - a +0 hand axe
 k - a +0 spear
Missiles
 e - 5 tomahawks of dispersal (quivered)
 i - 12 tomahawks
Armour
 b - a +0 leather armour (worn)
Scrolls
 d - a scroll of blinking
 j - 2 scrolls of identify {unknown}
 l - a scroll of immolation {unknown}
 m - a scroll of fear {unknown}
 n - 2 scrolls of enchant armour {unknown}
 p - a scroll of teleportation {unknown}
 q - a scroll of fog {unknown}
 r - 3 scrolls of remove curse {unknown}
Potions
 c - a potion of lignification {unknown}
 g - 2 potions of curing {unknown}
 h - 2 potions of degeneration {unknown}
 o - a potion of flight {unknown}
 s - a potion of cancellation {unknown}
Comestibles
 f - 12 rations
 t - 2 chunks of flesh


   Skills:
 * Level 3.3 Fighting
 - Level 1.7 Axes
 - Level 0.8 Throwing
 + Level 1.7 Armour
 * Level 2.8 Dodging
 * Level 3.0 Stealth
 * Level 2.5 Unarmed Combat
 + Level 2.1 Spellcasting
 - Level 2.6 Translocations


You had 4 spell levels left.
You knew the following spells:

 Your Spells              Type           Power        Failure   Level  Hunger
a - Blink                 Tloc           N/A          22%         2    ###....
b - Gell's Gravitas       Tloc           #.........   38%         3    ####...

Your spell library contained the following spells:

 Spells                   Type           Power        Failure   Level  Hunger
 Teleport Other           Tloc           #.......     38%         3    ####...
 Passage of Golubria      Tloc           N/A          80%         4    #####..
 Shroud of Golubria       Chrm/Tloc      #.........   36%         2    ###....
 Lesser Beckoning         Tloc           #.........   38%         3    ####...


Dungeon Overview and Level Annotations

Branches:
Dungeon (4/15)
 Temple: D:4-7

Altars:
Sif Muna

Annotations:
D:3 Ijyb


Innate Abilities, Weirdness & Mutations

Your body is rotting away.
You thrive on raw meat.
You are immune to poison.
You have sharp fingernails.
You are carnivorous and can eat meat at any time.
Your flesh is cold resistant. (rC+)
You are immune to negative energy. (rN+++)
You do not regenerate when monsters are visible.
You are immune to unholy pain and torment.
You can survive without breathing.


Message History

You closely miss Ijyb.
Ijyb is moderately wounded.
You barely miss Ijyb.
Ijyb is moderately wounded.
Ijyb closely misses you.
You barely miss Ijyb.
Ijyb is moderately wounded.
Ijyb hits you with a club.
* * * LOW HITPOINT WARNING * * *
There is a stone staircase leading down here.
Ijyb hits you with a club.
* * * LOW HITPOINT WARNING * * *
You climb downwards.
There is a stone staircase leading up here.
Ijyb closely misses you.
You climb upwards.
There is a stone staircase leading down here.
You feel your flesh rotting away.
Ijyb zaps a wand.
The puff of flame hits you!
You die...

#.####..###.##...####
#.##........##.......
#.##.#.....####..####
#.##.##÷##.# #......
#.......##[# ##.####
####.#####.# #.# #.#
#.# #.# #.# #.# #.#
#@# #.# .. #.#####.#
#.g...#.# #####.#.#
#.#.# ####.#>#
#......# #.###.## #.#
#.#


You could see Ijyb.

Vanquished Creatures
  A scorpion (D:2)
  Natasha (thrice) (D:3)
  A hound skeleton (D:3)
  2 adders (D:2)
  2 oozes (D:1)
  2 worms (D:2)
  2 leopard geckos
  An orc (D:3)
  3 bats
  7 giant cockroaches
  8 hobgoblins
  7 kobolds
  A quokka (D:3)
  2 ball pythons
  4 frilled lizards
  12 rats
58 creatures vanquished.

Notes
Turn   | Place    | Note
-------+----------+-------------------------------------------
     0 | D:1      | Lew the Ghoul Warper began the quest for the Orb.
     0 | D:1      | Reached XP level 1. HP: 17/17 MP: 2/2
   122 | D:1      | Reached skill level 1 in Armour
   122 | D:1      | Reached XP level 2. HP: 12/25 MP: 3/3
   439 | D:1      | Reached skill level 1 in Stealth
   787 | D:1      | Reached skill level 1 in Unarmed Combat
   837 | D:1      | Reached XP level 3. HP: 23/29 MP: 4/4
  1986 | D:2      | Reached XP level 4. HP: 3/35 MP: 5/5
  2400 | D:2      | Learned a level 2 spell: Blink
  2404 | D:2      | Learned a level 3 spell: Gell's Gravitas
  2445 | D:2      | Reached XP level 5. HP: 32/41 MP: 5/7
  2900 | D:3      | Noticed Natasha
  2908 | D:3      | Killed Natasha
  3027 | D:3      | Noticed Natasha
  3046 | D:3      | Killed Natasha
  3226 | D:3      | Noticed Natasha
  3260 | D:3      | Found a deep blue altar of Sif Muna.
  3365 | D:3      | Killed Natasha
  3365 | D:3      | Reached XP level 6. HP: 45/51 MP: 8/8
  3391 | D:3      | Noticed Ijyb
  3430 | D:3      | Killed from afar by Ijyb

Skill      XL: |  1  2  3  4  5 |
---------------+----------------+-----
Armour         | 1 |  1.7
Dodging        | 2 |  2.8
Stealth        | 1 2 3 |  3.0
Unarmed Combat | 1 2 |  2.5
Fighting       | 3 |  3.3
Spellcasting   | 2 |  2.1
Axes           | |  1.7
Throwing       | |  0.8
Translocations | |  2.6

Action                   |  1- 3 |  4- 6 || total
-------------------------+-------+-------++-------
Melee: Unarmed           |   186 |   116 ||   302
       Hand axe          |     2 |       ||     2
       Punch             |       |     1 ||     1
 Cast: Blink             |       |     1 ||     1
 Stab: Sleeping          |     1 |     2 ||     3
  Eat: Chunk             |     6 |    11 ||    17
Armor: Leather armour    |    57 |    20 ||    77
Dodge: Dodged            |   135 |    64 ||   199
